 Dungeon Crawl Stone Soup version 0.30-a0-29-g142975f185 (webtiles) character file.

Game seed: 18098193294290837463

6031 ytrimaz the Martial Artist (level 10, -4/65 HPs)
             Began as an Octopode Transmuter on Aug 26, 2022.
             Was an Initiate of Ashenzari.
             Engulfed by a steam dragon's steam (10 damage)
             ... on level 9 of the Dungeon.
             The game lasted 00:14:02 (10581 turns).

ytrimaz the Martial Artist (Octopode Transmuter)   Turns: 10581, Time: 00:14:02

Health: -4/65      AC:  2    Str: 10    XL:     10   Next: 86%
Magic:  30/32      EV: 20    Int: 18    God:    Ashenzari [......]
Gold:   428        SH:  5    Dex: 23    Spells: 5/15 levels left

rFire   . . .      SeeInvis +      - Unarmed
rCold   . . .      Faith    .    (shield currently unavailable)
rNeg    + . .      Spirit   .    (helmet currently unavailable)
rPois   x          Reflect  +    y - amulet of reflection
rElec   .          Harm     .    g - +6 ring of dexterity
rCorr   .          Rampage  .    o - ring of magical power
Will    .....                    m - ring "Ensconced Together" {rN+, Alch, Elem} (curse)
Stlth   ++........               u - ring of magical power
HPRegen 0.20/turn                (no ring)
MPRegen 0.23/turn                (no ring)
                                 (no ring)
                                 (no ring)

@: spider-form
A: venomous fangs, almost no armour, (amphibious), 8 rings, tiny, (camouflage
1), (gelatinous body 1), (nimble swimmer 1), (tentacles), see invisible, dopey
1, evolution 1
a: End Transformation, Renounce Religion, Shatter the Chains


You were on level 9 of the Dungeon.
You worshipped Ashenzari.
Ashenzari was noncommittal.
You were a venomous arachnid creature.
You visited 2 branches of the dungeon, and saw 10 of its levels.

You collected 428 gold pieces.

Inventory:

Jewellery
 g - a +6 ring of dexterity (left front leg)
 m - the cursed ring "Ensconced Together" (on tentacle) {rN+, Alch, Elem}
   (You found it on level 5 of the Dungeon)

   [ring of positive energy]

   rN:        It protects you from negative energy.
   It has a curse which improves the following skills: Alchemy: Poison Magic and
   Transmutations.
   Elements:  Fire Magic, Ice Magic, Air Magic and Earth Magic.
 o - a ring of magical power (right front leg)
 u - a ring of magical power (on tentacle)
 w - a ring of fire
 y - an amulet of reflection (around neck)
 A - an amulet of the acrobat
Wands
 a - a wand of polymorph (10)
 l - a wand of mindburst (17)
 s - a wand of paralysis (13)
 t - a wand of roots (12)
 z - a wand of flame (10)
Scrolls
 c - 2 scrolls of vulnerability
 d - a scroll of fog
 h - a scroll of brand weapon
 i - a scroll of teleportation
 j - 2 scrolls of torment
 p - a scroll of enchant weapon
 x - a scroll of poison
Potions
 b - 3 potions of attraction
 f - 3 potions of brilliance
 k - a potion of ambrosia
 n - a potion of resistance
 r - a potion of magic


   Skills:
 - Level 4.8 Fighting
 - Level 2.0 Dodging
 - Level 2.1 Shields
 - Level 14.1 Unarmed Combat
 * Level 3.0 Spellcasting
 * Level 3.2(3.6) Transmutations
 * Level 1.9(2.2) Ice Magic
 - Level 4.0(4.3) Poison Magic


You had 5 spell levels left.
You knew the following spells:

 Your Spells              Type           Power      Damage    Failure   Level
a - Beastly Appendage     Tmut           30%        N/A       12%         1
b - Wereblood             Tmut           15%        N/A       16%         2
c - Spider Form           Tmut/Pois      17%        N/A       24%         3
d - Ice Form              Ice/Tmut       13%        N/A       65%         4

Your spell library contained the following spells:

 Spells                   Type           Power      Damage    Failure   Level
 Foxfire                  Conj/Fire      8%         2x1d4     34%         1
 Shock                    Conj/Air       8%         1d3       34%         1
 Ensorcelled Hibernation  Hex/Ice        12%        N/A       34%         2
 Frozen Ramparts          Ice            20%        1d4       38%         3
 Conjure Flame            Conj/Fire      2%         6-21      65%         3
 Inner Flame              Hex/Fire       2%         N/A       65%         3
 Swiftness                Air            2%         N/A       65%         3
 Hailstorm                Conj/Ice       6%         3d4       87%         4
 Summon Ice Beast         Ice/Summ       6%         N/A       87%         4
 Airstrike                Air            1%         2d(1-17)  95%         4
 Flame Wave               Conj/Fire      2%         2d4       95%         4
 Simulacrum               Ice/Necr       3%         N/A       100%        6


Dungeon Overview and Level Annotations

Branches:
Dungeon (9/15)             Temple (1/1) D:7            Lair (0/5) D:9
    Orc: D:9-12

Altars:
Ashenzari
Cheibriados
Dithmenos
Fedhas
Gozag
Hepliaklqana
Kikubaaqudgha
Makhleb
Nemelex Xobeh
Okawaru
Qazlal
Ru
Sif Muna
Trog
Uskayaw
Vehumet
Wu Jian
Xom
Yredelemnul
Zin

Shops:
D:7 (?((

Annotations:
D:7 Maggie
D:9 Erica


Innate Abilities, Weirdness & Mutations

You are a venomous arachnid creature.
You have poisonous fangs.
You are tiny and dextrous.
Your spellcasting is less reliable in this form.
Your armour is entirely melded.
You are incapable of wielding weapons or throwing items.
You cannot wear most types of armour.
((You are amphibious.))
You can wear up to eight rings at the same time.
((Your skin changes colour to match your surroundings (Stealth+).))
((Your rubbery body absorbs attacks. (AC +1, EV +1)))
((You are camouflaged when in or above water. (Stealth+)))
((You have tentacles for arms and can constrict up to eight enemies at once.))
You have supernaturally acute eyesight. (SInv)
You are dopey. (Int -2)
You have hidden genetic potential.


Message History

Your primal bloodlust is almost over.
Magic restored.
Your primal bloodlust has ended.
Your transformation has ended.
You feel yourself speed up.
A steam dragon comes into view.
A steam dragon is nearby!
A steam dragon is nearby!
A steam dragon is nearby!
Unknown command.
You see here a killer bee corpse.
Casting: Spider Form (dangerous; 10% risk of failure)
Confirm with . or Enter, or press ? or * to list all spells.
You turn into a venomous arachnid creature.
The killer bee buzzes angrily.
You hear an angry buzzing noise.
Unknown command.
You bite the killer bee!
The killer bee looks as sick as possible!
The killer bee is severely wounded.
The killer bee completely misses you.
You closely miss the killer bee.
The killer bee is severely wounded.
You kill the killer bee!
Things that are here:
a killer bee corpse; a killer bee corpse The steam dragon breathes steam at you.
The ball of steam hits you!
* * * LOW HITPOINT WARNING * * *
The killer bee buzzes angrily.
You bite the killer bee!
The killer bee is poisoned.
The killer bee is heavily wounded.
You are engulfed in a cloud of scalding steam.
* * * LOW HITPOINT WARNING * * *
The killer bee is engulfed in a cloud of scalding steam.
The killer bee barely misses you.
Unknown command.
You closely miss the killer bee.
The killer bee is almost dead.
You are engulfed in a cloud of scalding steam.
You die...

### ##### ....
#...####..#
########§#......##
#....§§s§§.D..$..#
......######y####.......
....# #......# .......
.....>..###### ....... .
..#.. ....... ## .#####.
.# ##


You could see a killer bee (very poisoned).

Vanquished Creatures
  Pikel (D:7)
  Prince Ribbit (D:5)
  Sigmund (D:4)
  2 wraiths
  2 wyverns
  18 yaks
  2 water moccasins (D:9)
  An orc warrior (D:8)
  2 ice beasts (D:7)
  2 lemures (D:7)
  A phantom (D:7)
  A kobold brigand (D:6)
  2 bullfrogs
  A scorpion (D:5)
  A necrophage (D:5)
  7 killer bees (D:9)
  2 howler monkeys (D:7)
  A crimson imp (D:6)
  2 hounds
  A jelly (D:6)
  A gnoll bouda (D:5)
  3 iguanas
  3 orc priests (D:8)
  Jessica (D:3)
  Ijyb (D:5)
  Terence (D:3)
  4 orc wizards
  7 gnolls
  8 adders
  2 shadow imps (D:6)
  A white imp (D:7)
  A worm (D:2)
  4 dart slugs
  22 orcs
  9 bats
  3 endoplasms (D:1)
  A giant cockroach (D:1)
  A goblin (D:1)
  9 hobgoblins
  4 jackals (D:5)
  14 kobolds
  4 quokkas
  3 ball pythons
  3 frilled lizards (D:1)
  9 rats
  2 butterflies (D:7)
172 creatures vanquished.

Vanquished Creatures (others)
  A bush (D:9)
  7 fungi (D:9)
  56 plants (D:9)
64 creatures vanquished.

Grand Total: 236 creatures vanquished

Notes
Turn   | Place    | Note
-------+----------+-------------------------------------------
     0 | D:1      | ytrimaz the Octopode Transmuter began the quest for the
                  | Orb.
     0 | D:1      | Reached XP level 1. HP: 13/13 MP: 3/3
     6 | D:1      | Noticed a black bear
     6 | D:1      | Noticed an anaconda
     6 | D:1      | Noticed a killer bee
     7 | D:1      | Noticed a seven-headed hydra
     7 | D:1      | Noticed a hound
   257 | D:1      | Reached XP level 2. HP: 15/18 MP: 5/5
   846 | D:1      | Reached skill level 4 in Unarmed Combat
  1073 | D:1      | Reached XP level 3. HP: 23/23 MP: 4/6
  1076 | D:1      | Learned a level 2 spell: Wereblood
  1080 | D:1      | Learned a level 3 spell: Spider Form
  1737 | D:2      | Reached XP level 4. HP: 20/28 MP: 7/7
  1780 | D:2      | Reached skill level 5 in Unarmed Combat
  2022 | D:2      | Found a glowing silver altar of Zin.
  2947 | D:3      | Reached XP level 5. HP: 32/33 MP: 6/8
  3088 | D:3      | Noticed Terence
  3110 | D:3      | Killed Terence
  3559 | D:3      | Noticed Jessica
  3570 | D:3      | Killed Jessica
  3585 | D:3      | Got Jessica's Folio of Guile
  3626 | D:3      | Reached skill level 6 in Unarmed Combat
  4022 | D:4      | Noticed Sigmund
  4046 | D:4      | Killed Sigmund
  4047 | D:4      | Reached skill level 1 in Poison Magic
  4047 | D:4      | Reached XP level 6. HP: 3/39 MP: 9/9
  4345 | D:4      | You fall into a shaft and drop 1 floor!
  4345 | D:5      | Entered Level 5 of the Dungeon
  4541 | D:4      | Found an iron altar of Okawaru.
  4542 | D:4      | Found a stormy altar of Qazlal.
  4543 | D:4      | Found an ornate altar of the Wu Jian Council.
  4543 | D:4      | Identified the +4 flail of Uncertain Death {flame, rElec
                  | rPois Int+4 Stlth+}
  4544 | D:4      | Found a sparkling altar of Nemelex Xobeh.
  4812 | D:5      | Reached skill level 7 in Unarmed Combat
  4912 | D:5      | Reached XP level 7. HP: 44/45 MP: 10/10
  5089 | D:5      | Noticed Prince Ribbit
  5097 | D:5      | Killed Prince Ribbit
  5098 | D:5      | Reached skill level 8 in Unarmed Combat
  5158 | D:5      | HP: 1/45 [gnoll/+0 vampiric halberd[a gnoll bouda] (11)]
  5781 | D:5      | Noticed Ijyb
  5790 | D:5      | Killed Ijyb
  6177 | D:6      | Reached XP level 8. HP: 51/51 MP: 11/11
  6396 | D:6      | Reached skill level 9 in Unarmed Combat
  6494 | D:6      | Found a burning altar of Makhleb.
  7245 | D:7      | Found Rumel's Magic Scroll Emporium.
  7285 | D:7      | Found Wugodi's Antique Weapon Emporium.
  7285 | D:7      | Noticed Maggie
  7567 | D:7      | Found Tuamm's Weapon Boutique.
  7791 | D:7      | Found a staircase to the Ecumenical Temple.
  7811 | D:7      | Noticed a yak
  7814 | D:7      | Found Oteemius's Weapon Boutique.
  7819 | D:7      | Noticed a yak
  7820 | D:7      | Noticed a yak
  7821 | D:7      | Noticed a yak
  7822 | D:7      | Noticed a yak
  7823 | D:7      | Noticed a yak
  7835 | D:7      | Killed a yak
  7836 | D:7      | Reached skill level 10 in Unarmed Combat
  7843 | D:7      | Killed a yak
  7844 | D:7      | Reached XP level 9. HP: 29/57 MP: 12/12
  7848 | D:7      | Noticed Pikel
  7859 | D:7      | Reached skill level 11 in Unarmed Combat
  7890 | D:7      | Killed Pikel
  7891 | D:7      | Reached skill level 12 in Unarmed Combat
  8278 | D:7      | Identified the +5 trident of Cowardice {vorpal, Int+4}
  8468 | Temple   | Entered the Ecumenical Temple
  8629 | Temple   | Became a worshipper of Ashenzari the Shackled
  8720 | D:8      | Reached skill level 1 in Shields
  8981 | D:8      | Reached XP level 10. HP: 31/65 MP: 13/13
  8985 | D:8      | Reached skill level 13 in Unarmed Combat
  9664 | D:8      | Reached skill level 14 in Unarmed Combat
 10257 | D:8      | Learned a level 4 spell: Ice Form
 10312 | D:9      | Found a staircase to the Lair.
 10318 | D:9      | Gained mutation: You are dopey. (Int -2) [potion of
                  | mutation]
 10318 | D:9      | Gained mutation: You have supernaturally acute eyesight.
                  | (SInv) [potion of mutation]
 10318 | D:9      | Gained mutation: You have hidden genetic potential. [potion
                  | of mutation]
 10322 | D:9      | Reached skill level 1 in Ice Magic
 10403 | D:9      | Noticed a two-headed ogre
 10419 | D:9      | Found a shadowy altar of Dithmenos.
 10419 | D:9      | Noticed Erica
 10519 | D:9      | HP: 2/65 [killer bee (4)]
 10581 | D:9      | Engulfed by a steam dragon's steam

Illustrated notes

Levels and vault maps discovered:
D:1:      onia_arrival_zoo_common, layout_loops_ring
D:2:      layout_loops_ring, basic_altar
D:3:      layout_rooms, st_stairs_3, kennysheep_jessica_study, uniq_terence
D:4:      layout_cave_pools, mainiacjoe_overflow_alcove_3, uniq_sigmund
D:5:      layout_loops_ring, uniq_prince_ribbit1, uniq_ijyb
D:6:      layout_loops_ring, makhleb_grotto_becter
D:7:      layout_cave_pools, minmay_temple_entry_ruins, serial_shops,
          kennysheep_mini, nicolae_shop_temple_entry_statues_fountains, shop,
          shop, minivault_10, hangedman_glass_garden, uniq_pikel, uniq_maggie
D:8:      layout_basic
D:9:      layout_rooms, dreamdust_divine_triumvirate,
          nicolae_dithmenos_shadow_blocks, minmay_lair_entry_grove,
          hiddenorc1_lemuel, ebering_ghost_disaster_area,
          nicolae_looking_at_the_future, uniq_amaemon, uniq_erica
Temple:   hellmonk_temple_forest_ring

Skill      XL: |  1  2  3  4  5  6  7  8  9 10 |
---------------+-------------------------------+-----
Unarmed Combat | 4 5 6 7 8 10 12 14 | 14.1
Poison Magic   | 1 2 3 4 |  4.0
Fighting       | 2 3 4 |  4.8
Shields        | 1 2 |  2.1
Ice Magic      | 1 |  1.9
Transmutations | 3 |  3.2
Spellcasting   | 3 |  3.0
Dodging        | |  2.0

Action                   |  1- 3 |  4- 6 |  7- 9 | 10-12 || total
-------------------------+-------+-------+-------+-------++-------
Melee: Unarmed           |    82 |    96 |   192 |   112 ||   482
       Constrict         |    19 |    27 |    23 |     3 ||    72
       Kick              |    19 |    15 |    20 |     3 ||    57
       Tentacles         |     9 |    13 |    22 |     3 ||    47
       Punch             |     3 |     2 |     6 |       ||    11
 Cast: Beastly Appendage |    17 |    28 |    17 |     1 ||    63
       Spider Form       |     1 |     4 |    15 |     7 ||    27
       Wereblood         |       |       |     4 |     4 ||     8
       Ice Form          |       |       |       |     2 ||     2
Invok: Curse Item        |       |       |       |     1 ||     1
  Use: Scroll            |     1 |     9 |     6 |     7 ||    23
       Potion            |       |     3 |     2 |     3 ||     8
 Stab: Sleeping          |     4 |     8 |     5 |       ||    17
       Invisible         |       |       |     8 |       ||     8
       Distracted        |       |       |       |     1 ||     1
Armor: Skin              |    12 |    16 |     9 |     7 ||    44
Dodge: Dodged            |    61 |    61 |   114 |    61 ||   297
Block: Other             |       |       |    19 |    27 ||    46

Table legend: (Time is in decaauts)
 A = Elapsed time spent in this place.
 B = Non-inter-level travel time spent in this place.
 C = Inter-level travel time spent in this place.
 D = Time resting spent in this place.
 E = Time spent auto-exploring this place.
 F = Levels seen in this place.
 G = Mean time per level.
                   A        B        C        D        E       F      G
               +--------+--------+--------+--------+--------+-----+--------+
         Total |  10495 |  10267 |    228 |    654 |   8165 |  10 | 1049.5 |
       Dungeon |  10318 |  10124 |    194 |    654 |   8034 |   9 | 1146.4 |
        Temple |    176 |    142 |     34 |      0 |    131 |   1 |  176.0 |
               +--------+--------+--------+--------+--------+-----+--------+

Top non-repeatable levels by time:
     D:8: 1463 daAuts
     D:7: 1428 daAuts
     D:5: 1399 daAuts
     D:3: 1370 daAuts
     D:1: 1270 daAuts
     D:2: 1268 daAuts
     D:6: 913 daAuts
     D:4: 805 daAuts
     D:9: 399 daAuts
  Temple: 176 daAuts
